 Dungeon Crawl Stone Soup version 0.27.1-16-g815e20cd7a (webtiles) character file.

Game seed: 13969104519316751128

2750 pkoi the Martial Artist (level 9, -6/70 HPs)
             Began as a Purple Draconian Monk on Nov 24, 2021.
             Was an Elder of Sif Muna.
             Mangled by a phantasmal warrior (10 damage)
             ... led by a death knight
             ... on level 8 of the Dungeon.
             The game lasted 00:11:05 (9634 turns).

pkoi the Martial Artist (Purple Draconian Monk)     Turns: 9634, Time: 00:11:06

Health: -6/70      AC:  9    Str: 16    XL:     9   Next: 41%
Magic:  9/9        EV: 17    Int: 14    God:    Sif Muna [****..]
Gold:   647        SH:  0    Dex: 25    Spells: 3/8 levels left

rFire    . . .     SeeInvis .   c - +12 flail of Immorality {freeze, Contam rPois Str+3 Dex+5}
rCold    + . .     Faith    .   (no shield)
rNeg     . . .     Spirit   .   (armour unavailable)
rPois    +         Reflect  .   (helmet restricted)
rElec    .         Harm     .   d - +0 cloak
rCorr    .         Rampage  .   e - +0 pair of gloves
Will     +....                  (no boots)
Stlth    +++.......             (no amulet)
HPRegen  0.21/turn              f - ring of protection from cold
MPRegen  0.11/turn              l - +6 ring of dexterity

@: short of breath
A: breathe power, AC +7, unfitting armour, cold-blooded
a: Breathe Dispelling Energy, Renounce Religion, Channel Magic, Forget Spell,
Divine Exegesis


You were on level 8 of the Dungeon.
You worshipped Sif Muna.
Sif Muna was greatly pleased with you.
You visited 2 branches of the dungeon, and saw 9 of its levels.

You collected 1800 gold pieces.
You spent 1153 gold pieces at shops.

Inventory:

Hand Weapons
 c - the +12 flail of Immorality (weapon) {freeze, Contam rPois Str+3 Dex+5}
   (You bought it in a shop on level 2 of the Dungeon)

   It freezes those it strikes, dealing additional cold damage.
   It can also slow down cold-blooded creatures.
   Str:       It affects your strength (+3).
   Dex:       It affects your dexterity (+5).
   rPois:     It protects you from poison.
   Contam:    It causes magical contamination when unequipped.
Missiles
 q - 2 throwing nets (quivered)
 v - 4 datura-tipped darts
Armour
 d - a +0 cloak (worn)
 e - a +0 pair of gloves (worn)
Jewellery
 f - a ring of protection from cold (left hand)
 l - a +6 ring of dexterity (right hand)
 o - an amulet of guardian spirit
Wands
 i - a wand of digging (5)
 m - a wand of polymorph (7)
 t - a wand of mindburst (10)
Scrolls
 a - 2 scrolls of fog
 b - a scroll of identify
 k - a scroll of teleportation
 r - a scroll of amnesia
Potions
 g - a potion of might {unknown}
 h - 2 potions of curing {unknown}
 j - 2 potions of magic {unknown}
 n - a potion of brilliance
 p - a potion of lignification {unknown}
 s - a potion of flight {unknown}
 u - a potion of heal wounds {unknown}


   Skills:
 + Level 3.2 Fighting
 + Level 6.2 Dodging
 - Level 1.7 Stealth
 * Level 11.6 Unarmed Combat
 + Level 0.0 Spellcasting
 + Level 0.0 Translocations
 + Level 0.0 Transmutations


You had 3 spell levels left.
You knew the following spells:

 Your Spells              Type           Power      Damage    Failure   Level
a - Wereblood             Tmut           0%         N/A       41%         2
b - Gell's Gravitas       Tloc           0%         N/A       65%         3

Your spell library contained the following spells:

 Spells                   Type           Power      Damage    Failure   Level
 Corpse Rot               Necr/Air       N/A        N/A       41%         2
 Sublimation of Blood     Necr           0%         N/A       41%         2
 Lesser Beckoning         Tloc           0%         N/A       65%         3
 Summon Guardian Golem    Hex/Summ       0%         N/A       65%         3
 Teleport Other           Tloc           0%         N/A       65%         3
 Dispel Undead            Necr           0%         3d6       96%         4
 Death Channel            Necr           0%         N/A       100%        6
 Orb of Destruction       Conj           0%         N/A       100%        7
 Spellforged Servitor     Conj/Summ      0%         N/A       100%        7
 Summon Hydra             Summ           0%         N/A       100%        7


Dungeon Overview and Level Annotations

Branches:
Dungeon (8/15)             Temple (1/1) D:4
   Lair: D:8-11

Altars:
Ashenzari
Dithmenos
Elyvilon
Gozag
Kikubaaqudgha
Nemelex Xobeh
Okawaru
Qazlal
Ru
Sif Muna
Trog
Vehumet
Wu Jian
Xom
Yredelemnul
Zin
The Shining One
Beogh

Shops:
D:2 (   D:5 (

Annotations:
D:4 3 runed translucent doors, AltoTato's ghost, amateur DrBe


Innate Abilities, Weirdness & Mutations

You can breathe bolts of dispelling energy.
Your rich purple scales are hard. (AC +7)
You cannot fit into any form of body armour.
You are cold-blooded and may be slowed by cold attacks.


Message History

You are too injured to fight recklessly!
You are too injured to fight recklessly!
You are too injured to fight recklessly!
You are too injured to fight recklessly!
You are too injured to fight recklessly!
You are too injured to fight recklessly!
You are too injured to fight recklessly!
Unknown command.
You barely miss the death knight.
Your tail-slap misses the death knight.
You punch the death knight.
The death knight is lightly wounded.
The death knight reflects your damage back at you!
The death knight completely misses you.
You barely miss the death knight.
The death knight is lightly wounded.
The death knight hits you with a +0 broad axe.
* * * LOW HITPOINT WARNING * * *
The death knight hits you with a +0 broad axe!
* * * LOW HITPOINT WARNING * * *
You hit the death knight. You freeze the death knight.
The death knight is lightly wounded.
The death knight reflects your damage back at you!
* * * LOW HITPOINT WARNING * * *
The death knight hits you with a +0 broad axe!
* * * LOW HITPOINT WARNING * * *
A phantasmal warrior comes into view.
Press: ? - help, Shift-Dir - straight line, f - death knight
Aim: a death knight, wielding a +0 broad axe and wearing a +0 chain mail (lightly wounded, reflecting injuries)
You breathe a bolt of dispelling energy.
The bolt of dispelling energy misses the death knight.
The death knight's dark mirror aura disappears.
The death knight completely misses you.
The death knight mumbles some strange prayers to Yredelemnul against you.
You resist with significant effort.
The phantasmal warrior blinks!
You sock the phantasmal warrior! You freeze the phantasmal warrior.
You tail-slap the phantasmal warrior, but do no damage.
The phantasmal warrior is moderately damaged.
The phantasmal warrior hits you!
You die...

..#......... ###.########
#.##.. #.# #..## #.# #...
#.# #.. #.# #># #.### ##.##
#.#.## ######...####.#
###..#.## ##..W@p........#
....###.####...###...######
##...#.##.b<........##
##.....##.#......####
..........#.#.._.#
####.######.#....#
#..........##.#
####.###......#..# .....#
#.####.#.##


You could see a death knight and a phantasmal warrior.

Vanquished Creatures
  Sigmund (D:2)
  Duvessa (D:6)
  3 ice beasts
  2 sky beasts (D:6)
  A necrophage (D:5)
  4 ogres
  A kobold brigand (D:7)
  A gnoll sergeant (D:7)
  2 bullfrogs
  3 scorpions
  Dowan (D:6)
  6 killer bees (D:6)
  2 howler monkeys
  A gnoll shaman (D:5)
  2 hounds
  2 jellies
  Crazy Yiuf (D:2)
  An orc priest (D:4)
  3 iguanas
  7 orc wizards
  A killer bee zombie (D:7)
  A hound skeleton (D:5)
  6 adders
  8 gnolls
  2 white imps (D:5)
  An ufetubus (D:5)
  2 adder skeletons (D:4)
  4 worms
  34 orcs
  10 ball pythons
  6 bats
  7 endoplasms
  2 giant cockroaches
  A goblin (D:1)
  5 hobgoblins
  6 jackals
  9 kobolds
  9 quokkas
  5 rats
  A butterfly (D:8)
165 creatures vanquished.

Vanquished Creatures (others)
  7 plants
7 creatures vanquished.

Grand Total: 172 creatures vanquished

Notes
Turn   | Place    | Note
-------+----------+-------------------------------------------
     0 | D:1      | pkoi the Draconian Monk began the quest for the Orb.
     0 | D:1      | Reached XP level 1. HP: 19/19 MP: 1/1
   383 | D:1      | Reached XP level 2. HP: 20/26 MP: 2/2
   823 | D:1      | Found a faded altar of an unknown god.
  1174 | D:1      | Reached skill level 4 in Unarmed Combat
  1305 | D:2      | Reached XP level 3. HP: 15/31 MP: 3/3
  2194 | D:2      | Reached skill level 5 in Unarmed Combat
  2194 | D:2      | Reached XP level 4. HP: 35/38 MP: 4/4
  2289 | D:2      | Found Roadgh's Weapon Emporium.
  2348 | D:2      | Noticed Sigmund
  2543 | D:3      | Found a shimmering blue altar of Sif Muna.
  2616 | D:3      | Noticed an ice beast
  2781 | D:3      | Noticed an ice beast
  2801 | D:3      | Identified a scroll of acquirement
  2801 | D:3      | Acquired 1364 gold pieces
  2863 | D:2      | Killed an ice beast
  2864 | D:2      | Reached skill level 6 in Unarmed Combat
  2864 | D:2      | Reached XP level 5. HP: 3/45 MP: 5/5
  3279 | D:2      | Bought the +12 flail of Immorality {freeze, Contam rPois
                  | Str+3 Dex+5} for 1153 gold pieces
  3361 | D:2      | Found a runed translucent door.
  3362 | D:2      | Noticed Crazy Yiuf
  3367 | D:2      | Killed Crazy Yiuf
  3762 | D:3      | Killed an ice beast
  3763 | D:3      | Reached XP level 6. HP: 51/51 MP: 6/6
  3777 | D:3      | Became a worshipper of Sif Muna the Loreminder
  3777 | D:3      | Reached * piety under Sif Muna
  3777 | D:3      | Reached ** piety under Sif Muna
  3901 | D:3      | Reached skill level 7 in Unarmed Combat
  4194 | D:4      | Reached skill level 8 in Unarmed Combat
  4194 | D:4      | Your scales start taking on a rich purple colour.
  4194 | D:4      | Reached XP level 7. HP: 5/57 MP: 7/7
  4305 | D:4      | Found a staircase to the Ecumenical Temple.
  4510 | D:4      | Found a runed translucent gate.
  4874 | D:4      | Found a runed translucent gate.
  4875 | D:4      | Found a runed translucent gate.
  4876 | D:4      | Noticed AltoTato's ghost (amateur DrBe)
  4878 | D:4      | Identified the +1 dagger "Calesoynu" {vamp, rElec rCorr
                  | SInv}
  4878 | D:4      | Identified the +2 chain mail of Dust Devil {rPois rN+
                  | Slay-3}
  4968 | D:4      | Identified the +7 long sword of Carved True Grit {freeze,
                  | rPois Str+3 SInv}
  5010 | D:4      | Reached *** piety under Sif Muna
  5173 | D:4      | Found a basalt altar of Yredelemnul.
  5358 | D:4      | Identified the +9 spear "Feerphips" {chaos, *Slow Int+3
                  | Dex+4}
  5516 | D:4      | Found an iron altar of Okawaru.
  5642 | D:5      | Entered Level 5 of the Dungeon
  5642 | D:5      | Noticed a six-headed hydra
  5642 | D:5      | Found Zofeenn's Hydra Hut.
  5670 | D:5      | Found a radiant altar of Vehumet.
  5711 | D:5      | Reached skill level 9 in Unarmed Combat
  6055 | D:5      | Reached XP level 8. HP: 52/63 MP: 8/8
  6208 | D:5      | Found a stormy altar of Qazlal.
  6349 | D:5      | You fall into a shaft and drop 3 floors!
  6354 | D:8      | Found a shimmering altar of Xom.
  6427 | D:8      | Found a shadowy altar of Dithmenos.
  6504 | D:7      | Identified the +4 scale mail "Vemu" {Harm *Slow +Blink
                  | Int+4}
  6712 | D:7      | Reached skill level 10 in Unarmed Combat
  7064 | D:6      | Reached skill level 5 in Dodging
  7223 | D:6      | Reached **** piety under Sif Muna
  7302 | D:6      | Noticed Duvessa
  7305 | D:6      | Noticed Dowan
  7320 | D:6      | Killed Duvessa
  7323 | D:6      | Killed Dowan
  7415 | D:6      | Reached XP level 9. HP: 70/70 MP: 9/9
  7714 | D:6      | Found a bloodstained altar of Trog.
  7725 | D:6      | Reached skill level 11 in Unarmed Combat
  8508 | D:2      | Killed Sigmund
  8603 | Temple   | Entered the Ecumenical Temple
  9589 | D:7      | Learned a level 2 spell: Wereblood
  9593 | D:7      | Learned a level 3 spell: Gell's Gravitas
  9616 | D:8      | Noticed a freezing wraith
  9617 | D:8      | Noticed a death knight
  9627 | D:8      | HP: 2/70 [death knight (9)]
  9627 | D:8      | Noticed a phantasmal warrior
  9632 | D:8      | Noticed a +0 spear
  9634 | D:8      | Mangled by a phantasmal warrior

Illustrated notes

Levels and vault maps discovered:
D:1:      evilmike_arrival_home_sweet_home, layout_loops_corners,
          ebering_ecumenical_altar_mist, roderic_lattice_a, nrook_uturn
D:2:      layout_loops_cross, serial_shops, shop, uniq_sigmund,
          uniq_crazy_yiuf_cottage
D:3:      layout_basic, mainiacjoe_overflow_concentric_impassable
D:4:      layout_basic, mainiacjoe_overflow_swirl,
          minmay_temple_entry_gardened_gates, chequers_ossuary_entry_cave,
          biasface_ghost_orc_armoury, mrwooster_statue_mirror, st_stairs_6,
          minivault_1
D:5:      kennysheep_spiral_hall, layout_gridville,
          mainiacjoe_overflow_brackets, lemuel_tele_altar,
          doesnt_shop_hydraphobe
D:6:      layout_layer_cave, nicolae_overflow_hidden_temple,
          kennysheep_generic_room_8, uniq_duvessa
D:7:      layout_basic, serial_park_tiny_2
D:8:      layout_loops_ring, xom_butterflies, nicolae_uskayaw_en_pointe,
          overflow_temple_1_default, lair_entry_dummy, serial_shops,
          nicolae_lakefront_shop, grunt_ministairs_11, minmay_misc_feat_tiny,
          minmay_misc_feat_ornament
Temple:   nicolae_temple_figure_zero

Skill      XL: |  1  2  3  4  5  6  7  8  9 |
---------------+----------------------------+-----
Unarmed Combat | 4 5 6 8 9 10 11 | 11.6
Dodging        | 3 5 6 |  6.2
Fighting       | |  3.2
Stealth        | |  1.7

Action                   |  1- 3 |  4- 6 |  7- 9 || total
-------------------------+-------+-------+-------++-------
Melee: Unarmed           |   130 |    36 |       ||   166
       Tailslap          |    17 |    15 |    18 ||    50
       Punch             |     1 |     1 |    12 ||    14
       Flail             |       |    47 |   196 ||   243
 Abil: Breathe Dispellin |       |       |     1 ||     1
  Use: Scroll            |       |     5 |     8 ||    13
       Potion            |       |     1 |       ||     1
 Stab: Sleeping          |     6 |     2 |     5 ||    13
       Distracted        |       |       |     1 ||     1
Armor: Skin              |    40 |    25 |    88 ||   153
Dodge: Dodged            |    93 |    78 |   222 ||   393
